AoeStats
← CNZS_98T

Arabian Desert

510398648Analyzed
1v1 RM · 5h ago on Sep 30, 2026· 37m 40s· 2 players
Game mode
Random Map
Map size
Tiny (2 player)
Population
200
Speed
Normal
Resources
Standard
Victory
Conquest
Starting age
Dark Age
Ending age
Imperial Age
RankedLock teamsTeams togetherTeam positionsShared explorationLock speedFull tech treeHidden civsTurbo modeCheats
Victory
Defeat
🇳🇱 Vietnamese · Netherlands
2533
+16
🇦🇷 Saxons · Argentina
2529
-16
DS_Biry
6:38 Loom
8:51 Feudal Age
8:55 Man-at-Arms
11:37 Double-Bit Axe
15:42 Fletching
17:16 Town Watch
23:31 Castle Age
22:18 Scale Mail Armor
24:25 Squires
24:52 Gambesons
31:11 Chain Mail Armor
32:01 Sanctity
32:05 Arson
33:05 Bodkin Arrow
35:01 Horse Collar
38:05 Ballistics
CNZS_98T
8:40 Feudal Age
9:36 Double-Bit Axe
9:32 Horse Collar
10:04 Loom
14:37 Town Watch
15:54 Fletching
17:49 Padded Archer Armor
20:05 Wheelbarrow
24:32 Castle Age
24:46 Forging
25:15 Bodkin Arrow
25:36 Bow Saw
26:23 Scale Barding Armor
27:06 Bloodlines
29:04 Hand Cart
29:08 Husbandry
31:08 Gold Mining
31:09 Stone Mining
31:20 Heavy Plow
32:24 Ballistics
33:04 Leather Archer Armor
34:19 Thumb Ring
40:00 Imperial Age
Connection lost

Rejoining the realm…

Still unreachable

The connection could not be restored.

Session expired

The server has moved on; the page needs a fresh start.